 Dungeon Crawl Stone Soup version 0.25-a0-890-g62861fb (webtiles) character file.

Game seed: 2037734863089334464, levelgen mode: deterministic

2906 robertstho the Slinger (level 10, -13/71 HPs)
             Began as a Halfling Hunter on May 7, 2020.
             Was a Follower of Okawaru.
             Mangled by a two-headed ogre
             ... wielding a +0 dire flail
              (18 damage)
             ... on level 7 of the Dungeon.
             The game lasted 00:18:52 (7742 turns).

robertstho the Slinger (Halfling Hunter)            Turns: 7742, Time: 00:18:52

Health: -13/71     AC:  6    Str: 13    XL:     10   Next: 6%
Magic:  11/11      EV: 13    Int:  9    God:    Okawaru [*.....]
Gold:   301        SH:  0    Dex: 19    Spells: 9/9 levels left

rFire    . . .     SeeInvis +   a - +1 hunting sling
rCold    . . .     Gourm    .   (shield restricted)
rNeg     . . .     Faith    .   j - +0 scale mail (curse)
rPois    .         Spirit   .   (no helmet)
rElec    .         Reflect  .   (no cloak)
rCorr    .         Harm     .   (no gloves)
MR       .....                  (no boots)
Stlth    +.........             h - amulet of magic regeneration
HPRegen  0.21/turn              g - ring of see invisible
MPRegen  0.37/turn              (no ring)

@: no status effects
A: small, mutation resistance 1
a: Heroism, Renounce Religion


You were on level 7 of the Dungeon.
You worshipped Okawaru.
Okawaru was aware of your devotion.
You were not hungry.

You visited 2 branches of the dungeon, and saw 9 of its levels.
You also visited: Ossuary.

You collected 301 gold pieces.

Inventory:

Hand Weapons
 a - a +1 hunting sling (weapon)
 d - a +0 short sword of flaming
 t - a +1 short sword of electrocution
 E - the +1 dagger "Halfling's Curse" {vorpal, Stlth+}
   (You found it on level 6 of the Dungeon)

   It inflicts extra damage upon your enemies.
   It makes you more stealthy.
Missiles
 m - 58 stones (quivered)
 u - 27 poisoned darts
Armour
 j - a cursed +0 scale mail (worn)
 r - a +1 ring mail
Jewellery
 g - a ring of see invisible (left hand)
 h - an amulet of magic regeneration (around neck)
 J - an uncursed ring of stealth
Wands
 v - a wand of iceblast (19)
 z - a wand of disintegration (5)
Scrolls
 e - 5 scrolls of remove curse
 o - 8 scrolls of identify
 s - a scroll of immolation {unknown}
 w - 4 scrolls of teleportation
 y - 3 scrolls of enchant weapon {unknown}
 C - a scroll of fear {unknown}
 D - 2 scrolls of random uselessness {unknown}
 F - a scroll of blinking {unknown}
 G - 2 scrolls of enchant armour
 H - a scroll of silence {unknown}
Potions
 b - a potion of stabbing
 c - 3 potions of mutation {unknown}
 i - 3 potions of curing
 k - 2 potions of brilliance
 l - 5 potions of might
 p - 2 potions of heal wounds {unknown}
 q - a potion of berserk rage {unknown}
 x - 2 potions of degeneration {unknown}
 A - 4 potions of haste {unknown}
 B - 2 potions of lignification {unknown}
Comestibles
 f - 15 rations


   Skills:
 * Level 7.3 Fighting
 + Level 0.2 Short Blades
 * Level 14.2 Slings
 + Level 2.8 Armour
 + Level 3.1 Dodging
 - Level 1.2 Stealth
 * Level 2.4 Invocations


You had 9 spell levels left.
You didn't know any spells.
Your spell library contained the following spells:

 Spells                   Type           Power        Failure   Level  Hunger
 Beastly Appendage        Tmut           #.....       88%         1    ##.....
 Sticks to Snakes         Tmut           #.......     95%         2    ###....
 Spider Form              Tmut/Pois      #.........   99%         3    ####...
 Ice Form                 Ice/Tmut       #.......     100%        4    #####..
 Blade Hands              Tmut           #.........   100%        5    ######.


Dungeon Overview and Level Annotations

Branches:
Dungeon (8/15)             Temple (1/1) D:6         Ossuary (visited)
   Lair: D:8-11

Altars:
Ashenzari
Cheibriados
Elyvilon
Fedhas
Gozag
Kikubaaqudgha
Makhleb
Okawaru
Qazlal
Ru
Sif Muna
Uskayaw
Vehumet
Xom
Zin
Beogh

Annotations:
D:5 3 runed translucent doors, MinDuChiJD's ghost, novice GrBe


Innate Abilities, Weirdness & Mutations

You are small and have problems with some larger weapons.
You are somewhat resistant to further mutation.


Message History

Some of the chunks of flesh in your inventory have rotted away.
All of the chunks of flesh in your inventory have rotted away.
HP restored.
(D) Dungeon (T) Temple
Where to? (Enter - D:7 @ (x,y), ? - help)
There is a stone staircase leading down here.
You climb downwards.
The two-headed ogre hits you with a +0 dire flail!
The two-headed ogre barely misses you.
There is a stone staircase leading up here.
The two-headed ogre hits you with a +0 dire flail.
The two-headed ogre hits you with a +0 giant club!!
You climb upwards.
There is a stone staircase leading down here.
The two-headed ogre hits you but does no damage.
The two-headed ogre hits you with a +0 giant club!
The two-headed ogre hits you with a +0 dire flail!!
* * * LOW HITPOINT WARNING * * *
The two-headed ogre hits you with a +0 giant club!!
You die...

..)...#### #.###.# .###..# #.#
#.# .# #..# #.# #.# .# #..#
#.# #.# .# #.)# #.# #.# ######
.# #.)# #.# #.# #..... .# #..#
#####.###.# #.####
.###..###.......O.##########.#
...)).....###.##@.........##.#
####<)##### #.##.########.##.#
#..### #.##.# #.##.#
#..#.#####.##.# #.##.#
#...#......##.# #.##.##
#..###.##..##.# #.....# #.##
##.#...#.########.##รท.#
##.###.##...............>..###
##.#.........................


You could see a two-headed ogre.

Vanquished Creatures
  Prince Ribbit (D:4)
  A hungry ghost (D:3)
  Duvessa (D:5)
  An orc warrior (D:8)
  4 ice beasts
  3 ogres
  Blork the orc (D:4)
  4 scorpions
  Dowan (D:5)
  A howler monkey (D:4)
  4 crimson imps
  4 hounds
  A centaur skeleton (D:5)
  A jelly (D:5)
  4 orc priests
  7 orc wizards
  2 iguanas
  10 worker ants
  A killer bee zombie (D:5)
  2 hound skeletons
  11 mummies (Ossuary)
  A howler monkey zombie (D:6)
  A howler monkey skeleton (D:5)
  A worker ant zombie (D:6)
  3 gnolls (D:4)
  18 adders
  A shadow imp (D:5)
  An ooze (D:4)
  2 dart slugs (D:3)
  5 leopard geckos
  20 orcs
  A ball python (D:4)
  5 giant cockroaches
  4 goblins
  5 hobgoblins
  4 jackals (D:6)
  2 quokkas
  8 bats
  4 frilled lizards
  A gnoll skeleton (Ossuary)
  A jackal skeleton (D:4)
  A jackal zombie (D:5)
  3 kobolds
  3 kobold skeletons (Ossuary)
  4 orc skeletons (Ossuary)
  2 quokka skeletons
  8 rats
  11 rat skeletons (Ossuary)
185 creatures vanquished.

Notes
Turn   | Place    | Note
-------+----------+-------------------------------------------
     0 | D:1      | robertstho the Halfling Hunter began the quest for the Orb.
     0 | D:1      | Reached XP level 1. HP: 14/14 MP: 1/1
   112 | D:1      | Reached skill level 6 in Slings
   211 | D:1      | Reached XP level 2. HP: 18/19 MP: 2/2
   729 | D:2      | Reached XP level 3. HP: 23/24 MP: 3/3
   739 | D:2      | Reached skill level 7 in Slings
   803 | D:2      | Found a glowing silver altar of Zin.
   891 | D:2      | Reached XP level 4. HP: 29/29 MP: 4/4
  1030 | D:2      | Found a shimmering blue altar of Sif Muna.
  1465 | D:3      | Reached skill level 8 in Slings
  1506 | D:3      | Noticed a hungry ghost
  1527 | D:3      | Killed a hungry ghost
  1527 | D:3      | Reached skill level 9 in Slings
  1527 | D:3      | Reached XP level 5. HP: 17/36 MP: 5/5
  1527 | D:3      | Reached XP level 6. HP: 19/41 MP: 6/6
  1765 | D:3      | Found a blossoming altar of Fedhas.
  1894 | D:3      | Noticed an ice beast
  1899 | D:3      | Killed an ice beast
  1899 | D:3      | Reached skill level 1 in Armour
  1904 | D:3      | Found a snail-covered altar of Cheibriados.
  2225 | D:4      | Reached skill level 10 in Slings
  2225 | D:4      | Reached XP level 7. HP: 46/46 MP: 7/7
  2917 | D:4      | Noticed Blork the orc
  2945 | D:4      | Killed Blork the orc
  2945 | D:4      | Reached skill level 11 in Slings
  2945 | D:4      | Reached XP level 8. HP: 19/54 MP: 8/8
  3207 | D:4      | Found a sacrificial altar of Ru.
  3536 | D:5      | Entered Level 5 of the Dungeon
  3536 | D:5      | Noticed Duvessa
  3536 | D:5      | Noticed Dowan
  3539 | D:5      | Noticed Prince Ribbit
  3682 | D:4      | Killed Prince Ribbit
  3682 | D:4      | Reached skill level 12 in Slings
  3799 | D:5      | Reached skill level 5 in Fighting
  3854 | D:5      | Killed Dowan
  3898 | D:5      | Killed Duvessa
  3898 | D:5      | Reached XP level 9. HP: 7/61 MP: 9/9
  4295 | D:5      | Reached skill level 13 in Slings
  4386 | D:5      | Noticed MinDuChiJD's ghost (novice GrBe)
  4387 | D:5      | Found a runed translucent gate.
  4703 | D:5      | Found a runed translucent gate.
  4704 | D:5      | Found a runed translucent gate.
  4711 | D:5      | Found a roughly hewn altar of Beogh.
  4772 | D:6      | Got a dazzling dagger
  4772 | D:6      | Identified the cursed +1 dagger "Halfling's Curse" {vorpal,
                  | Stlth+} (You found it on level 6 of the Dungeon)
  4856 | D:6      | Found a staircase to the Ecumenical Temple.
  4868 | Temple   | Entered the Ecumenical Temple
  4876 | Temple   | Became a worshipper of Warmaster Okawaru
  5198 | D:6      | Found a stormy altar of Qazlal.
  5340 | D:6      | Found a sand-covered staircase.
  5345 | Ossuary  | Entered an ossuary
  5851 | D:7      | Reached skill level 1 in Invocations
  6304 | D:7      | Reached skill level 14 in Slings
  6531 | D:7      | Reached * piety under Okawaru
  6799 | D:8      | Noticed a two-headed ogre
  6806 | D:8      | Noticed a two-headed ogre
  7323 | D:8      | Reached XP level 10. HP: 71/71 MP: 11/11
  7742 | D:7      | Mangled by a two-headed ogre

Levels and vault maps discovered:
D:1:      lightli_arrival_maybe_door_vault, layout_basic, serial_bayou_crossing
D:2:      layout_rooms, nicolae_overflow_hidden_temple, lemuel_blue_sif_altar,
          first_ration, skrybe_limestone_x, minmay_misc_feat_diagonals
D:3:      layout_loops_ring, kennysheep_slug_shrine, old_standard_altar
D:4:      minmay_chambers_of_twos, layout_basic,
          nicolae_ru_great_annihilating_truth, uniq_blork_the_orc
D:5:      layout_rooms, biasface_ghost_orc_armoury, uniq_duvessa,
          uniq_prince_ribbit1
D:6:      layout_loops_ring, lemuel_crystal_altar, minmay_temple_entry_slanted,
          enter_ossuary_2
D:7:      layout_loops_ring, minmay_diced_spiral
D:8:      layout_loops_ring, old_standard_altar, makhleb_heckhound_becter
Temple:   cyrus_circular_temple

Skill      XL: |  1  2  3  4  5  6  7  8  9 10 |
---------------+-------------------------------+-----
Slings         | 6 7 9 10 11 12 14 | 14.2
Fighting       | 2 3 4 5 7 |  7.3
Armour         | 1 2 |  2.8
Invocations    | 1 2 |  2.4
Dodging        | 3 |  3.1
Short Blades   | |  0.2
Stealth        | |  1.2

Action                   |  1- 3 |  4- 6 |  7- 9 | 10-12 || total
-------------------------+-------+-------+-------+-------++-------
Melee: Short sword       |       |       |     5 |       ||     5
       Dagger            |       |       |    25 |       ||    25
 Fire: Hunting sling     |    68 |    88 |   625 |    36 ||   817
Invok: Heroism           |       |       |     3 |       ||     3
  Use: Scroll            |       |     4 |     5 |       ||     9
       Potion            |       |       |     4 |       ||     4
  Eat: Chunk             |       |     6 |    10 |       ||    16
       Ration            |       |       |     2 |       ||     2
Armor: Leather armour    |     3 |       |       |       ||     3
       Ring mail         |       |    15 |    21 |       ||    36
       Scale mail        |       |       |    22 |     4 ||    26
Dodge: Dodged            |    21 |    18 |   140 |    14 ||   193

Table legend:
 A = Non-vault XP
 B = Vault XP
 C = Vault XP percentage of total XP
 D = Non-vault monster count
 E = Vault monster count
 F = Vault count percentage of total count
                 A         B        C        D         E       F
            +---------+---------+-------+---------+---------+-------
      Total |    3225 |     927 |  22.3 |     141 |      44 |  23.8
            +---------+---------+-------+---------+---------+-------
        D:1 |      18 |       0 |   0.0 |      14 |       0 |   0.0
        D:2 |      56 |       0 |   0.0 |      14 |       0 |   0.0
        D:3 |     411 |       4 |   1.0 |      19 |       1 |   5.0
        D:4 |     572 |     467 |  44.9 |      26 |      10 |  27.8
        D:5 |     641 |     206 |  24.3 |      19 |       2 |   9.5
        D:6 |     451 |       0 |   0.0 |      15 |       0 |   0.0
        D:7 |     625 |      36 |   5.4 |      25 |       1 |   3.8
        D:8 |     451 |       0 |   0.0 |       9 |       0 |   0.0
    Ossuary |       0 |     214 | 100.0 |       0 |      30 | 100.0
            +---------+---------+-------+---------+---------+-------
